 Dungeon Crawl Stone Soup version 0.29-a0-997-gf6f7e2dfe7 (webtiles) character file.

Game seed: 17298194401014885712

351 dohliylev the Ruffian (level 6, -9/91 HPs)
             Began as a Troll Berserker on Aug 4, 2022.
             Was a Believer of Trog.
             Mangled by an ogre
             ... wielding a +0 giant club
              (20 damage)
             ... on level 4 of the Dungeon.
             The game lasted 00:05:25 (2709 turns).

dohliylev the Ruffian (Troll Berserker)             Turns: 2709, Time: 00:05:26

Health: -9/91      AC:  4    Str: 28    XL:     6   Next: 34%
Magic:  5/5        EV: 10    Int:  9    God:    Trog [**....]
Gold:   145        SH:  0    Dex:  9    Spells: 5/5 levels left

rFire   . . .      SeeInvis +     - Unarmed
rCold   . . .      Faith    .   (no shield)
rNeg    . . .      Spirit   .   a - +0 animal skin
rPois   .          Reflect  .   p - +0 hat
rElec   .          Harm     .   (no cloak)
rCorr   .          Rampage  .   (gloves unavailable)
Will    .....                   (boots unavailable)
Stlth   ..........              (no amulet)
HPRegen 1.05/turn               s - +6 ring of intelligence
MPRegen 0.09/turn               x - ring of see invisible

@: berserking, very quick
A: large, unfitting armour, claws 3, regeneration 1, shaggy fur 1, tough skin 1
a: Renounce Religion, Berserk, Trog's Hand


You were on level 4 of the Dungeon.
You worshipped Trog.
Trog was pleased with you.
You visited 1 branch of the dungeon, and saw 4 of its levels.

You collected 145 gold pieces.

Inventory:

Armour
 a - a +0 animal skin (worn)
 p - a +0 hat (worn)
Jewellery
 s - a +6 ring of intelligence (left claw)
 x - a ring of see invisible (right claw)
Wands
 v - a wand of iceblast (3)
Scrolls
 c - a scroll of vulnerability {unknown}
 d - 3 scrolls of identify {unknown}
 e - a scroll of fog {unknown}
 f - a scroll of blinking {unknown}
 g - 2 scrolls of torment {unknown}
 i - 2 scrolls of magic mapping {unknown}
 j - 3 scrolls of fear {unknown}
 l - a scroll of enchant weapon {unknown}
 m - a scroll of summoning {unknown}
 t - a scroll of poison {unknown}
 u - a scroll of amnesia {unknown}
 w - a scroll of brand weapon {unknown}
Potions
 b - 2 potions of ambrosia {unknown}
 h - a potion of degeneration {unknown}
 k - 2 potions of resistance {unknown}
 n - a potion of heal wounds {unknown}
 o - a potion of might {unknown}
 q - a potion of invisibility {unknown}
 r - 2 potions of cancellation {unknown}


   Skills:
 + Level 3.0 Fighting
 + Level 3.5 Dodging
 + Level 0.7 Stealth
 + Level 5.7 Unarmed Combat


You had 5 spell levels left.
You didn't know any spells.
Your spell library was empty.

Dungeon Overview and Level Annotations

Branches:
Dungeon (4/15)
 Temple: D:4-7

Altars:
Gozag
Hepliaklqana
Ru
Vehumet

Shops:
D:2 (

Annotations:
D:4 Pikel


Innate Abilities, Weirdness & Mutations

You are too large for most types of armour.
You have claws for hands.
Your natural rate of healing is unusually fast.
You are covered in fur. (AC +1)
You have tough skin. (AC +1)


Message History

Found 6 stones.
A giant cockroach comes into view.
The helpless giant cockroach fails to defend itself.
You claw the giant cockroach!
You kill the giant cockroach!
Trog accepts your kill.
x - a ring of see invisible
x - a ring of see invisible (right claw)
You now have 145 gold pieces (gained 15).
g - 2 scrolls labelled JEVAGE ELEPSA (gained 1)
You see here a giant cockroach corpse.
You see here a hobgoblin corpse.
Found a book of Lightning.
Found an opulent altar of Gozag.
Found a sacrificial altar of Ru and a radiant altar of Vehumet.
An ogre comes into view. It is wielding a +0 giant club.
An ogre is nearby!
A lemure comes into view.
The lemure shouts!
You hear a shout!
A lemure comes into view.
Found a scroll labelled RAPAMU DOLI ZUPT.
Found a hazy altar of Hepliaklqana.
A lemure comes into view.
Pikel, Merchant of Souls comes into view.
He is wielding a +0 whip of freezing.
You claw the ogre!
The ogre is moderately wounded.
The ogre hits you with a +0 giant club!!
Ouch! That really hurt!
A lemure comes into view.
The lemure shouts!
You hear a shout!
You barely miss the ogre.
The ogre is moderately wounded.
Pikel cracks his whip.
The ogre attacks as you move away!
The ogre hits you with a +0 giant club!!
* * * LOW HITPOINT WARNING * * *
A red film seems to cover your vision as you go berserk!
You feel yourself moving faster!
You feel mighty!
The ogre hits you with a +0 giant club!!
You die...

########
#......################
#......>...............
#.......####.##########
#..........#.##########
#..........†...........
####.#...#.#.#.#####.##
#.....#.#.#.# #.....
#..@..#.#.#.# #.....
#.5O..#.#.#.###.....
#.....#.#.#.....(...
#....<#.#.######....
#K...##.#.......†...
#.#.....########....
#.####### #....
##5####### #....
####........# #####


You could see Pikel, an ogre and 2 lemures.

Vanquished Creatures
  A scorpion (D:4)
  3 orc priests (D:3)
  Ijyb (D:4)
  2 orc wizards (D:3)
  Robin (D:2)
  An adder (D:2)
  2 worms
  A dart slug (D:2)
  15 orcs (D:3)
  6 ball pythons
  8 endoplasms
  5 giant cockroaches
  15 goblins
  10 hobgoblins
  2 jackals (D:2)
  7 kobolds
  3 bats
  A frilled lizard (D:2)
  5 rats
89 creatures vanquished.

Notes
Turn   | Place    | Note
-------+----------+-------------------------------------------
     0 | D:1      | dohliylev the Troll Berserker began the quest for the Orb.
     0 | D:1      | Reached XP level 1. HP: 22/22 MP: 0/0
   129 | D:1      | Reached XP level 2. HP: 23/29 MP: 1/1
   827 | D:2      | Reached ** piety under Trog
   840 | D:2      | Noticed Robin
   846 | D:2      | Reached XP level 3. HP: 36/36 MP: 2/2
   860 | D:2      | Killed Robin
   906 | D:2      | Found Wemomybi's Antique Weapon Shop.
   955 | D:2      | Reached XP level 4. HP: 44/44 MP: 3/3
   960 | D:2      | Reached skill level 4 in Unarmed Combat
  1274 | D:3      | Reached XP level 5. HP: 52/52 MP: 4/4
  1319 | D:3      | Found a faded altar of an unknown god.
  1703 | D:3      | Reached skill level 5 in Unarmed Combat
  1855 | D:3      | Reached *** piety under Trog
  1865 | D:3      | Reached XP level 6. HP: 55/61 MP: 5/5
  2288 | D:4      | Noticed Ijyb
  2293 | D:4      | Killed Ijyb
  2691 | D:4      | Found an opulent altar of Gozag.
  2692 | D:4      | Found a sacrificial altar of Ru.
  2692 | D:4      | Found a radiant altar of Vehumet.
  2695 | D:4      | Found a hazy altar of Hepliaklqana.
  2695 | D:4      | Noticed Pikel
  2709 | D:4      | Mangled by an ogre

Illustrated notes

Levels and vault maps discovered:
D:1:      dpeg_arrival_three_smaller_balls, layout_basic,
          roderic_serpentine_path
D:2:      layout_rooms, serial_shops, nicolae_shop_advertising_works
          [nicolae_subvault_shop_adworks], uniq_robin
D:3:      layout_basic, chequers_ecumenical_altar_island
D:4:      layout_basic, grunt_temple_overflow_open,
          minmay_temple_entry_large_hall, uniq_ijyb, uniq_eustachio, uniq_pikel

Skill      XL: |  1  2  3  4  5 |
---------------+----------------+-----
Dodging        | 3 |  3.5
Unarmed Combat | 4 5 |  5.7
Fighting       | 3 |  3.0
Stealth        | |  0.7

Action                   |  1- 3 |  4- 6 || total
-------------------------+-------+-------++-------
Melee: Unarmed           |    86 |   126 ||   212
       Punch             |     2 |     2 ||     4
Invok: Berserk           |     1 |     3 ||     4
       Trog's Hand       |       |     3 ||     3
 Stab: Sleeping          |     1 |     3 ||     4
Armor: Animal skin       |    37 |    32 ||    69
Dodge: Dodged            |    37 |    40 ||    77

Table legend: (Time is in decaauts)
 A = Elapsed time spent in this place.
 B = Non-inter-level travel time spent in this place.
 C = Inter-level travel time spent in this place.
 D = Time resting spent in this place.
 E = Time spent auto-exploring this place.
 F = Levels seen in this place.
 G = Mean time per level.
                   A        B        C        D        E       F      G
               +--------+--------+--------+--------+--------+-----+--------+
         Total |   2714 |   2608 |    106 |     41 |   1976 |   4 |  678.5 |
       Dungeon |   2714 |   2608 |    106 |     41 |   1976 |   4 |  678.5 |
               +--------+--------+--------+--------+--------+-----+--------+

Top non-repeatable levels by time:
     D:3: 994 daAuts
     D:1: 802 daAuts
     D:4: 468 daAuts
     D:2: 448 daAuts
